 Dungeon Sprint DCSS version 0.22.1-2-g9c5b331 (webtiles) character file.

270 doot the Covert (level 6, -4/28 HPs)
             Began as a Spriggan Enchanter on Jan 3, 2019.
             Was a Follower of Jiyva.
             Slain by a queen bee (7 damage)
             ... in the Dungeon (Sprint IV: "Fedhas' Mad Dash").
             The game lasted 00:03:06 (411 turns).

doot the Covert (Spriggan Enchanter)                 Turns: 411, Time: 00:03:08

Health: -4/28      AC:  2    Str:  4    XL:     6   Next: 1%
Magic:  4/16       EV: 22    Int: 16    God:    Jiyva [*.....]
Gold:   78         SH:  0    Dex: 19    Spells: 5/17 levels left

rFire    . . .     SeeInvis +   a - +1 dagger
rCold    . . .     Gourm    .   (shield restricted)
rNeg     . . .     Faith    .   b - +0 robe
rPois    .         Spirit   .   (helmet restricted)
rElec    .         Reflect  .   (no cloak)
rCorr    .         Harm     .   (gloves unavailable)
MR       +....     NoTele   +   (boots unavailable)
Stlth    +++++.....             c - amulet of invisibility {+Inv}
HPRegen  0.09/turn              (no ring)
MPRegen  0.15/turn              (no ring)

@: lethally poisoned (-4 -> -6), berserk cooldown, very slightly contaminated,
slowed, quick
A: very small, unfitting armour, see invisible, herbivore, speed 3, slow
metabolism 2
a: Request Jelly, Renounce Religion, Evoke Invisibility


You were in the Dungeon.
You worshipped Jiyva.
Jiyva was aware of your devotion.
You were not hungry.

You visited 1 branch You collected 78 gold pieces.

Inventory:

Hand Weapons
 a - a +1 dagger (weapon)
Armour
 b - a +0 robe (worn)
Jewellery
 c - the amulet of invisibility (around neck) {+Inv}
   (You found it in the Dungeon)

   [amulet of nothing]

   It lets you turn invisible.
Scrolls
 j - a scroll of blinking
Potions
 e - a potion of curing
 f - a potion of heal wounds
 g - a potion of haste
 h - 2 potions of magic
Comestibles
 d - a ration


   Skills:
 + Level 0.2 Fighting
 + Level 3.2 Short Blades
 + Level 5.6 Dodging
 + Level 12.0 Stealth
 + Level 6.1 Spellcasting
 + Level 9.0 Hexes
 + Level 0.3 Ice Magic
 + Level 4.2 Evocations


You had 5 spell levels left.
You knew the following spells:

 Your Spells              Type           Power        Failure   Level  Hunger
a - Corona                Hex            ####...      1%          1    None
b - Ensorcelled Hibernat  Hex/Ice        ###...       3%          2    #......
c - Confuse               Hex            ####....     1%          3    ##.....
d - Tukima's Dance        Hex            ####....     1%          3    ##.....
e - Dazzling Spray        Conj/Hex       ###...       6%          3    ##.....

Your spell library contained the following spells:

 Spells                   Type           Power        Failure   Level  Hunger


Dungeon Overview and Level Annotations

Branches:
Dungeon (1/1)

Altars:
Cheibriados
Dithmenos
Elyvilon
Gozag
Hepliaklqana
Kikubaaqudgha
Makhleb
Nemelex Xobeh
Okawaru
Qazlal
Ru
Sif Muna
Trog
Uskayaw
Vehumet
Wu Jian
Xom
Yredelemnul
Zin
The Shining One
Beogh
Jiyva
Lugonu


Innate Abilities, Weirdness & Mutations

You are very small and have problems with some larger weapons.
You are too small for most types of armour.
You have supernaturally acute eyesight. (SInv)
You are a herbivore.
You cover ground extremely quickly.
You need to consume almost no food.


Message History

You barely miss the queen bee.
You feel sick. The queen bee misses you.
You hit the queen bee but do no damage. You puncture the queen bee!
The queen bee is moderately wounded.
You hit the killer bee.
The killer bee is heavily wounded.
The killer bee misses you.
You miss the killer bee.
The killer bee is heavily wounded.
The killer bee misses you. x2; The queen bee closely misses you.
You hit the killer bee.
The killer bee is severely wounded.
The killer bee misses you. The killer bee completely misses you.
The door flies open with a bang!
You are no longer berserk.
You are exhausted.
You feel yourself slow down.
* * * LOW HITPOINT WARNING * * *
You feel sick. The killer bee misses you. The queen bee stings you!
You die...

###############################
#<..P#.....#.....#.⌠._._._._.⌠.
#PP..'†)...†.#...'.._._._._._..
#PPPP#.....#.#...#..._._._._...
###############'##.._._._._._..
#...♣........y@..#._._._._._.⌠.
#%.....♣.....#y..##############
#.....♣..♣..######
##+####+#####


You could see a queen bee and a killer bee (berserk).

Vanquished Creatures
  3 killer bees (D)
  3 oklob saplings (D)
  A worker ant (D)
  A river rat (D)
  A rat (D)
9 creatures vanquished.

Vanquished Creatures (others)
  A jelly (D)
  A spriggan (D)
2 creatures vanquished.

Grand Total: 11 creatures vanquished

Notes
Turn   | Place    | Note
-------+----------+-------------------------------------------
     0 | D        | doot the Spriggan Enchanter began the quest for the Orb.
     0 | D        | Reached XP level 1. HP: 9/9 MP: 5/5
    11 | D        | Noticed an oklob sapling
    12 | D        | Killed an oklob sapling
    12 | D        | Reached skill level 6 in Stealth
    12 | D        | Reached skill level 5 in Hexes
    12 | D        | Reached XP level 2. HP: 13/13 MP: 5/7
    36 | D        | Learned a level 2 spell: Ensorcelled Hibernation
    37 | D        | Found the amulet of invisibility {+Inv}
    38 | D        | Reached skill level 7 in Stealth
    38 | D        | Reached XP level 3. HP: 16/16 MP: 7/9
    65 | D        | Noticed an oklob sapling
    68 | D        | Killed an oklob sapling
    68 | D        | Reached skill level 8 in Stealth
    68 | D        | Reached XP level 4. HP: 21/21 MP: 7/11
    71 | D        | Found an opulent altar of Gozag.
    71 | D        | Found a hazy altar of Hepliaklqana.
    71 | D        | Found a roughly hewn altar of Beogh.
    71 | D        | Found a snail-covered altar of Cheibriados.
    72 | D        | Found a viscous altar of Jiyva.
    72 | D        | Found a burning altar of Makhleb.
    72 | D        | Found a sparkling altar of Nemelex Xobeh.
    72 | D        | Found a sacrificial altar of Ru.
    72 | D        | Found a deep blue altar of Sif Muna.
    72 | D        | Found a bloodstained altar of Trog.
    72 | D        | Found an ornate altar of the Wu Jian Council.
    72 | D        | Found a shimmering altar of Xom.
    72 | D        | Found a basalt altar of Yredelemnul.
   200 | D        | Found an iron altar of Okawaru.
   200 | D        | Found a glowing silver altar of Zin.
   200 | D        | Found a shadowy altar of Dithmenos.
   201 | D        | Found a hide-covered altar of Uskayaw.
   201 | D        | Found an ancient bone altar of Kikubaaqudgha.
   202 | D        | Found a stormy altar of Qazlal.
   202 | D        | Found a glowing golden altar of the Shining One.
   202 | D        | Found a white marble altar of Elyvilon.
   203 | D        | Found a radiant altar of Vehumet.
   203 | D        | Found a corrupted altar of Lugonu.
   206 | D        | Reached skill level 5 in Dodging
   206 | D        | Reached skill level 9 in Stealth
   206 | D        | Reached skill level 5 in Spellcasting
   208 | D        | Became a worshipper of Jiyva Jilar the Shapeless
   223 | D        | Reached skill level 10 in Stealth
   223 | D        | Reached XP level 5. HP: 24/24 MP: 11/13
   231 | D        | Reached * piety under Jiyva
   260 | D        | Learned a level 3 spell: Confuse
   264 | D        | Learned a level 3 spell: Tukima's Dance
   268 | D        | Learned a level 3 spell: Dazzling Spray
   362 | D        | Noticed a queen bee
   376 | D        | Reached skill level 11 in Stealth
   399 | D        | Reached skill level 12 in Stealth
   399 | D        | Reached XP level 6. HP: 15/28 MP: 3/16
   411 | D        | Slain by a queen bee

Skill      XL: |  1  2  3  4  5 |
---------------+----------------+-----
Stealth        | 6 7 8 10 12 | 12.0
Spellcasting   | 3 4 5 6 |  6.1
Hexes          | 5 6 7 9 |  9.0
Dodging        | 4 5 |  5.6
Evocations     | 2 4 |  4.2
Short Blades   | 2 3 |  3.2
Fighting       | |  0.2
Ice Magic      | |  0.3

Action                   |  1- 3 |  4- 6 || total
-------------------------+-------+-------++-------
Melee: Dagger            |     3 |    28 ||    31
 Cast: Ensorcelled Hiber |       |     4 ||     4
       Confuse           |       |     1 ||     1
 Abil: Evoke Invisibilit |     1 |     2 ||     3
  Use: Potion            |       |     1 ||     1
 Stab: Sleeping          |     3 |     3 ||     6
       Invisible         |       |     1 ||     1
Dodge: Dodged            |     4 |    39 ||    43
